 Dungeon Crawl Stone Soup version 0.25-a0-855-g681bda5bb4 (webtiles) character file.

Game seed: 2342990317465736785, levelgen mode: deterministic

14427 Nixze the Summoner (level 12, -7/92 HPs)
             Began as a Human Summoner on Apr 26, 2020.
             Was an Elder of Nemelex Xobeh.
             Mangled by a white ugly thing (17 damage)
             ... on level 1 of the Lair of Beasts.
             The game lasted 00:49:38 (16564 turns).

Nixze the Summoner (Human Summoner)                Turns: 16564, Time: 00:49:39

Health: -7/92      AC: 11    Str: 11      XL:     12   Next: 45%
Magic:  32/32      EV: 15    Int: 17      God:    Nemelex Xobeh [****..]
Gold:   766        SH:  0    Dex: 14 (15) Spells: 16/26 levels left

rFire    . . .     SeeInvis +   I - +1 quarterstaff (drain)
rCold    . . .     Gourm    +   (shield currently unavailable)
rNeg     . . .     Faith    .   R - +0 troll leather armour
rPois    .         Spirit   .   p - +0 helmet
rElec    +         Reflect  .   F - +2 cloak
rCorr    .         Harm     .   n - +2 pair of gloves
MR       .....                  (no boots)
Stlth    ++........             y - amulet of the gourmand
HPRegen  0.65/turn              h - +3 ring of evasion
MPRegen  0.23/turn              P - ring "Uxaysoimu" {+Blink +Fly rElec MP+9 SInv}

@: no status effects
A: no striking features
a: Draw Escape, Draw Destruction, Draw Summoning, Triple Draw, Deal Four,
Renounce Religion, Evoke Blink, Evoke Flight


You were on level 1 of the Lair of Beasts.
You worshipped Nemelex Xobeh.
Nemelex Xobeh was greatly pleased with you.
You were full.

You visited 3 branches of the dungeon, and saw 14 of its levels.

You collected 766 gold pieces.

Inventory:

Hand Weapons
 E - a +4 quarterstaff of chaos
 I - a +1 quarterstaff of draining (weapon)
 Q - a +2 morningstar of flaming
Missiles
 u - 82 poisoned darts (quivered)
Armour
 a - a +0 robe
 k - a +0 kite shield
 n - a +2 pair of gloves (worn)
 p - a +0 helmet (worn)
 v - a +2 ring mail of fire resistance
 F - a +2 cloak (worn)
 G - a +0 buckler
 R - a +0 troll leather armour (worn)
 X - the +1 leather armour "Kihoj" {Int+3 SInv, unknown}
   (You found it on level 1 of the Lair of Beasts)

   It affects your intelligence (+3).
   It lets you see invisible.
Magical Staves
 D - an uncursed staff of cold
Jewellery
 h - a +3 ring of evasion (left hand)
 m - an uncursed amulet of guardian spirit
 y - an amulet of the gourmand (around neck)
 O - an uncursed ring of stealth
 P - the ring "Uxaysoimu" (right hand) {+Blink +Fly rElec MP+9 SInv}
   (You found it on level 8 of the Dungeon)

   [ring of see invisible]

   It insulates you from electricity.
   It affects your magic capacity (+9).
   It lets you see invisible.
   It lets you fly.
   It lets you blink.
 T - an uncursed ring of ice
Wands
 l - a wand of random effects (27)
 H - a wand of digging (4)
 M - a wand of disintegration (8)
Scrolls
 e - 3 scrolls of teleportation
 g - 5 scrolls of identify
 i - a scroll of enchant armour
 j - a scroll of vulnerability {unknown}
 o - 3 scrolls of remove curse
 r - a scroll of fear {unknown}
 w - a scroll of blinking {unknown}
 x - a scroll of fog {unknown}
 C - 2 scrolls of amnesia {unknown}
 J - a scroll of enchant weapon {unknown}
 L - a scroll of magic mapping {unknown}
 U - a scroll of immolation {unknown}
 Y - 3 scrolls of summoning {unknown}
Potions
 b - 5 potions of heal wounds
 d - a potion of ambrosia
 f - a potion of berserk rage
 q - a potion of lignification
 s - a potion of brilliance
 t - a potion of haste
 z - a potion of magic {unknown}
 A - 3 potions of might {unknown}
 B - 6 potions of curing
 K - a potion of stabbing {unknown}
 N - a potion of resistance {unknown}
 S - 2 potions of invisibility {unknown}
Miscellaneous
 V - a box of beasts
Comestibles
 c - 34 rations


   Skills:
 + Level 8.0 Fighting
 + Level 7.1 Staves
 - Level 2.0 Dodging
 - Level 2.0 Stealth
 + Level 7.6 Spellcasting
 + Level 10.0 Summonings
 - Level 7.0 Air Magic
 + Level 7.9 Invocations
 - Level 3.0 Evocations


You had 16 spell levels left.
You knew the following spells:

 Your Spells              Type           Power        Failure   Level  Hunger
a - Summon Small Mammal   Summ           ####         1%          1    None
b - Call Imp              Summ           #####...     1%          2    None
c - Call Canine Familiar  Summ           #####...     1%          3    #......
d - Summon Lightning Spi  Summ/Air       #####...     4%          4    ###....

Your spell library contained the following spells:

 Spells                   Type           Power        Failure   Level  Hunger
 Summon Guardian Golem    Hex/Summ       ###.....     5%          3    #......
 Animate Skeleton         Necr           N/A          14%         1    None
 Apportation              Tloc           #.....       14%         1    None
 Corona                   Hex            #......      14%         1    None
 Pain                     Necr           #...         14%         1    None
 Summon Ice Beast         Ice/Summ       ###.....     19%         4    ###....
 Gell's Gravitas          Tloc           #.........   38%         3    #......
 Portal Projectile        Hex/Tloc       #.....       38%         3    #......
 Vampiric Draining        Necr           #.........   38%         3    #......
 Animate Dead             Necr           N/A          80%         4    ###....
 Agony                    Necr           #.......     98%         5    #####..
 Dispersal                Tloc           #.........   100%        6    ######.
 Controlled Blink         Tloc           N/A          100%        8    #######
 Disjunction              Tloc           #.........   100%        8    #######


Dungeon Overview and Level Annotations

Branches:
Dungeon (11/15)            Temple (1/1) D:5            Lair (2/6) D:11
    Orc (0/2) D:10
  Swamp: Lair:2-4    Shoals: Lair:2-4     Snake: Lair:2-4    Spider: Lair:2-4

Altars:
Dithmenos
Elyvilon
Fedhas
Gozag
Kikubaaqudgha
Makhleb
Nemelex Xobeh
Okawaru
Qazlal
Sif Muna
Trog
Uskayaw
Vehumet
Wu Jian
Xom
Yredelemnul
Zin
The Shining One

Annotations:
Lair:2 Fannar, Maggie


Message History

You closely miss the white ugly thing.
The white ugly thing is heavily wounded.
The white ugly thing gores you. The white ugly thing freezes you!!
* * * LOW HITPOINT WARNING * * *
You draw a card...
You have drawn the Orb.
Press: ? - help, Shift-Dir - straight line, f - white ugly thing
Aim: a white ugly thing (heavily wounded)
The wavering orb of destruction weakly hits the white ugly thing!!
The white ugly thing is almost dead.
The white ugly thing closely misses you.
You draw a card...
You have drawn Wild Magic.
There is a strange surge of energy around the quasit.
The quasit twists and deforms.
The ogre is caught in an explosion of flying shrapnel.
You feel a surge of magic. The white ugly thing gores you!
* * * LOW HITPOINT WARNING * * *
The white ugly thing freezes you!
You die...
Your body glows with a rainbow of weird colours and disappears.

#####.......##.#.
####.........####.##
#.............# #..#
##.............####.#
#.........(....P###.≈
##................##.
#.#...####.####...#.
#...### ### ###.##
####@#### #..#
#P##u##.##### ##.#
#..85O.†....# #..
##.........<.# ##.
#.........)).# #P
#............# ##
##...........#
#...........#
#...........#


You could see a white ugly thing, an ogre, a quasit and a friendly lightning
spire.

Vanquished Creatures
  A hydra (D:9)
  A two-headed ogre (Lair:1)
  2 unseen horrors (D:10)
  A rime drake (Lair:1)
  4 trolls
  A queen bee (D:10)
  4 blink frogs (Lair:2)
  5 hippogriffs
  A dream sheep (D:9)
  5 yaks
  A wyvern (D:9)
  A basilisk (D:7)
  2 hungry ghosts (D:10)
  A water moccasin (Lair:2)
  A porcupine (Lair:1)
  2 black bears
  An orc warrior (D:6)
  6 sky beasts
  4 ice beasts
  A boggart (D:7)
  3 phantoms
  2 centaurs
  2 crocodiles
  2 big kobolds (D:9)
  3 bullfrogs
  A scorpion (D:7)
  8 killer bees
  2 wights (D:6)
  2 howler monkeys (D:10)
  2 crimson imps
  2 bullfrog zombies
  A centaur zombie (D:8)
  3 hounds
  A jelly (D:7)
  3 orc priests
  A centaur skeleton (D:8)
  2 bullfrog skeletons
  6 orc wizards
  4 worker ants
  2 iguanas
  A hound skeleton (D:3)
  2 worker ant zombies
  4 adders
  5 gnolls
  A shadow imp (D:11)
  An adder skeleton (D:5)
  A worm (D:6)
  4 leopard geckos
  16 orcs
  3 giant cockroaches
  9 goblins
  2 hobgoblins
  3 jackals (D:6)
  2 quokkas
  A bat (D:3)
  3 frilled lizards
  5 kobolds
  4 rats
164 creatures vanquished.

Vanquished Creatures (collateral kills)
  A hydra (Lair:2)
  A two-headed ogre (D:9)
  A death drake (D:8)
  A cyclops (D:8)
  A dream sheep (D:9)
  10 yaks
  A basilisk (Lair:1)
  A hungry ghost (D:8)
  A water moccasin (shapeshifter) (D:8)
  A water moccasin (Lair:1)
  2 porcupines
  An orc warrior (D:8)
  A black bear (D:11)
  2 sky beasts
  An ice beast (D:10)
  2 phantoms
  6 ogres
  2 centaurs
  7 crocodiles
  3 big kobolds
  A bullfrog (Lair:2)
  3 scorpions
  25 killer bees
  8 wights
  3 howler monkeys
  4 crimson imps
  2 hounds
  Crazy Yiuf (D:5)
  An orc priest (D:4)
  5 orc wizards
  A centaur skeleton (D:4)
  Jessica (D:2)
  2 iguanas
  2 worker ants
  A hound zombie (D:8)
  Robin (D:2)
  6 adders
  8 gnolls
  A howler monkey skeleton (D:8)
  2 shadow imps
  An ooze (D:1)
  4 worms
  A leopard gecko (D:8)
  24 orcs
  5 giant cockroaches
  11 goblins
  10 hobgoblins
  4 jackals (D:5)
  A quokka (D:6)
  4 bats
  3 frilled lizards
  14 kobolds
  3 rats
209 creatures vanquished.

Vanquished Creatures (others)
  A human (D:2)
  A bush (D:11)
  A fungus (D:11)
  7 plants
10 creatures vanquished.

Grand Total: 383 creatures vanquished

Notes
Turn   | Place    | Note
-------+----------+-------------------------------------------
     0 | D:1      | Nixze the Human Summoner began the quest for the Orb.
     0 | D:1      | Reached XP level 1. HP: 13/13 MP: 3/3
   624 | D:1      | Reached XP level 2. HP: 17/19 MP: 0/5
  1479 | D:2      | Reached XP level 3. HP: 24/24 MP: 2/6
  1542 | D:2      | Learned a level 2 spell: Call Imp
  1850 | D:2      | Noticed Robin
  1851 | D:2      | Noticed Jessica
  1858 | D:2      | Reached skill level 5 in Summonings
  1906 | D:2      | Killed Robin
  1941 | D:2      | Killed Jessica
  1941 | D:2      | Reached XP level 4. HP: 22/30 MP: 1/7
  2459 | D:2      | Found an ancient bone altar of Kikubaaqudgha.
  2462 | D:2      | Noticed a human
  2463 | D:2      | Killed a human
  2863 | D:3      | Learned a level 3 spell: Call Canine Familiar
  3044 | D:3      | Noticed an ogre
  3057 | D:3      | Killed an ogre
  3057 | D:3      | Reached skill level 6 in Summonings
  3057 | D:3      | Reached XP level 5. HP: 36/36 MP: 1/8
  3351 | D:3      | Reached skill level 1 in Fighting
  4231 | D:3      | Reached XP level 6. HP: 20/43 MP: 1/9
  5004 | D:4      | Learned a level 4 spell: Summon Lightning Spire
  5175 | D:4      | Noticed an ogre
  5386 | D:4      | Killed an ogre
  5386 | D:4      | Reached skill level 1 in Air Magic
  5386 | D:4      | Reached XP level 7. HP: 51/51 MP: 1/11
  6028 | D:5      | Entered Level 5 of the Dungeon
  6692 | D:5      | Found a staircase to the Ecumenical Temple.
  6741 | Temple   | Entered the Ecumenical Temple
  6792 | Temple   | Became a worshipper of Nemelex Xobeh the Trickster
  6931 | D:5      | Received a gift from Nemelex Xobeh
  7298 | D:5      | Found a runed translucent door.
  7299 | D:5      | Noticed Crazy Yiuf
  7397 | D:5      | Killed Crazy Yiuf
  7737 | D:6      | Reached XP level 8. HP: 58/58 MP: 9/13
  7745 | D:6      | Reached skill level 1 in Invocations
  7811 | D:6      | Reached skill level 7 in Summonings
  8088 | D:6      | Reached skill level 1 in Staves
  8517 | D:6      | Reached * piety under Nemelex Xobeh
  8733 | D:6      | Reached XP level 9. HP: 42/65 MP: 9/15
  8935 | D:6      | Found a white marble altar of Elyvilon.
  9127 | D:7      | Noticed a troll
  9143 | D:7      | Killed a troll
  9143 | D:7      | Reached skill level 5 in Air Magic
  9594 | D:7      | Received a gift from Nemelex Xobeh
 10215 | D:7      | Noticed a hippogriff
 10226 | D:7      | Killed a hippogriff
 10226 | D:7      | Reached skill level 5 in Fighting
 10226 | D:7      | Reached skill level 5 in Spellcasting
 10226 | D:7      | Reached skill level 8 in Summonings
 10626 | D:7      | Found a glowing silver altar of Zin.
 11070 | D:8      | Found a stormy altar of Qazlal.
 11103 | D:8      | Reached XP level 10. HP: 74/74 MP: 17/17
 11110 | D:8      | Found a transporter.
 11112 | D:8      | Noticed a cyclops
 11112 | D:8      | Noticed a harpy
 11119 | D:8      | Noticed a black mamba
 11119 | D:8      | a harpy changed into a black mamba
 11121 | D:8      | a black mamba changed into a tarantella
 11122 | D:8      | Found a transporter.
 11154 | D:8      | Reached ** piety under Nemelex Xobeh
 11169 | D:8      | Noticed a death drake
 11169 | D:8      | a cyclops changed into a death drake
 11180 | D:8      | Killed a death drake
 11197 | D:8      | Noticed a cyclops
 11211 | D:8      | Got a translucent amber ring
 11260 | D:8      | Identified the ring "Uxaysoimu" {+Blink +Fly rElec MP+9
                  | SInv} (You found it on level 8 of the Dungeon)
 11340 | D:8      | Killed a cyclops
 11340 | D:8      | Reached skill level 5 in Invocations
 12225 | D:9      | Received a gift from Nemelex Xobeh
 12691 | D:9      | Noticed a two-headed ogre
 12702 | D:9      | Killed a two-headed ogre
 12702 | D:9      | Reached skill level 5 in Staves
 13089 | D:9      | Found an opulent altar of Gozag.
 13246 | D:9      | Found a radiant altar of Vehumet.
 13246 | D:9      | Found a blossoming altar of Fedhas.
 13285 | D:9      | Noticed a two-headed hydra
 13291 | D:9      | Reached XP level 11. HP: 81/81 MP: 20/20
 13300 | D:9      | Killed a two-headed hydra
 13300 | D:9      | Reached skill level 9 in Summonings
 13407 | D:10     | Entered Level 10 of the Dungeon
 13852 | D:10     | Reached *** piety under Nemelex Xobeh
 13895 | D:10     | Noticed an unseen horror
 13916 | D:10     | Killed an unseen horror
 14099 | D:10     | Found a staircase to the Orcish Mines.
 14205 | D:10     | Received a gift from Nemelex Xobeh
 14502 | D:11     | Noticed an unseen horror
 14567 | D:10     | Killed an unseen horror
 14567 | D:10     | Reached skill level 1 in Evocations
 14690 | D:11     | Found a staircase to the Lair.
 14698 | D:11     | Noticed a two-headed ogre
 14701 | D:11     | Noticed a two-headed ogre
 14707 | D:11     | Noticed a red ugly thing
 14709 | D:11     | Noticed a manticore
 14715 | D:11     | Noticed a two-headed ogre
 14719 | D:11     | Reached XP level 12. HP: 40/91 MP: 22/22
 14725 | Lair:1   | Entered Level 1 of the Lair of Beasts
 14726 | Lair:1   | Killed a two-headed ogre
 14979 | Lair:1   | Received a gift from Nemelex Xobeh
 15337 | Lair:1   | Received a gift from Nemelex Xobeh
 15492 | Lair:1   | Got a translucent leather armour
 15589 | Lair:1   | Reached **** piety under Nemelex Xobeh
 16109 | Lair:2   | Found a stormy altar of Qazlal.
 16111 | Lair:2   | Noticed a seven-headed hydra
 16125 | Lair:2   | Killed a seven-headed hydra
 16228 | Lair:2   | Received a gift from Nemelex Xobeh
 16257 | Lair:2   | Noticed Fannar
 16260 | Lair:2   | Reached skill level 10 in Summonings
 16271 | Lair:2   | Noticed Maggie
 16282 | Lair:2   | Noticed a five-headed hydra
 16564 | Lair:1   | Mangled by a white ugly thing

Levels and vault maps discovered:
D:1:      psy_arrival_fountain, layout_rooms
D:2:      layout_loops_ring, serial_bayou, serial_bayou_lagoon_a,
          serial_bayou_shore_a, serial_bayou_shore_b, serial_bayou_pond_e,
          serial_bayou_pond_a, first_ration, tgw_kikubaaqudgha, uniq_robin,
          uniq_jessica
D:3:      layout_loops_ring, guppyfry_early_orc_mine
D:4:      layout_basic
D:5:      layout_basic, minmay_temple_entry_overgrown, uniq_crazy_yiuf_cottage
D:6:      layout_cave_pools, elyvilon_altar_5
D:7:      layout_layer_cave, kennysheep_mini_moat
D:8:      gammafunk_sealed_arena, layout_rooms, lemuel_coloured_pillars_altar
D:9:      layout_basic, grunt_gozag_breadcrumbs,
          gammafunk_temple_overflow_elements, hangedman_ranch
          [blue_anna_fruit_fields]
D:10:     layout_roguey [special_room_bee], orc_0_dummy,
          lemuel_flamethrower_hall
D:11:     layout_gridville, minmay_lair_entry_grove, nrook_pool_corridor
Temple:   kb_temple_of_zot
Lair:1:   layout_cave_pods, chequers_serial_rivers_micro_e, nzn_random_ring
Lair:2:   layout_regular_city, basic_altar, serial_rivers,
          chequers_serial_rivers_small_b, chequers_serial_rivers_small_a,
          chequers_serial_rivers_small_a, chequers_serial_rivers_micro_a,
          minivault_26, uniq_maggie, uniq_fannar

Skill      XL: |  1  2  3  4  5  6  7  8  9 10 11 12 |
---------------+-------------------------------------+-----
Summonings     | 5 6 7 8 9 10 | 10.0
Fighting       | 1 2 3 5 6 7 8 |  8.0
Spellcasting   | 3 4 5 6 7 |  7.6
Air Magic      | 1 2 4 5 6 7 |  7.0
Invocations    | 2 4 5 7 |  7.9
Staves         | 2 3 5 6 7 |  7.1
Evocations     | 2 3 |  3.0
Dodging        | |  2.0
Stealth        | |  2.0

Action                   |  1- 3 |  4- 6 |  7- 9 | 10-12 || total
-------------------------+-------+-------+-------+-------++-------
Melee: Unarmed           |     7 |       |       |       ||     7
       Whip              |     7 |       |       |       ||     7
       Dagger            |    15 |    60 |       |       ||    75
       Short sword       |     3 |       |       |       ||     3
       Rapier            |       |    66 |    66 |       ||   132
       Quarterstaff      |       |       |   187 |   425 ||   612
 Cast: Summon Small Mamm |    45 |     4 |       |       ||    49
       Call Imp          |    12 |    30 |    68 |    36 ||   146
       Call Canine Famil |       |    15 |    19 |    21 ||    55
       Summon Lightning  |       |       |       |    42 ||    42
Invok: Draw Destruction  |       |       |     7 |    12 ||    19
       Draw Summoning    |       |       |     1 |       ||     1
       Draw Escape       |       |       |       |     4 ||     4
       Triple Draw       |       |       |       |     1 ||     1
 Abil: Evoke Blink       |       |       |       |     1 ||     1
       Evoke Flight      |       |       |       |     1 ||     1
  Use: Scroll            |       |     5 |     2 |     6 ||    13
 Stab: Sleeping          |       |     6 |     2 |     1 ||     9
       Distracted        |       |     2 |     2 |     6 ||    10
       Paralysed         |       |       |     3 |       ||     3
  Eat: Chunk             |     4 |    15 |    15 |    55 ||    89
       Ration            |       |       |     2 |     1 ||     3
Armor: Robe              |     8 |    35 |    82 |    34 ||   159
       Troll leather arm |       |       |       |   154 ||   154
Dodge: Dodged            |    26 |   100 |   217 |   484 ||   827

Table legend:
 A = Non-vault XP
 B = Vault XP
 C = Vault XP percentage of total XP
 D = Non-vault monster count
 E = Vault monster count
 F = Vault count percentage of total count
                 A         B        C        D         E       F
            +---------+---------+-------+---------+---------+-------
      Total |   15076 |    5534 |  26.9 |     292 |      81 |  21.7
            +---------+---------+-------+---------+---------+-------
        D:1 |      28 |       0 |   0.0 |      21 |       0 |   0.0
        D:2 |      28 |      44 |  61.1 |      15 |      14 |  48.3
        D:3 |     167 |      13 |   7.2 |      33 |       7 |  17.5
        D:4 |     358 |       0 |   0.0 |      18 |       0 |   0.0
        D:5 |     320 |      21 |   6.2 |      13 |       1 |   7.1
        D:6 |    1035 |       0 |   0.0 |      34 |       0 |   0.0
        D:7 |    1820 |       0 |   0.0 |      34 |       0 |   0.0
        D:8 |    1167 |     568 |  32.7 |      29 |       5 |  14.7
        D:9 |    2139 |    1602 |  42.8 |      37 |       8 |  17.8
       D:10 |    2675 |    1054 |  28.3 |      18 |      25 |  58.1
       D:11 |    1568 |     913 |  36.8 |      22 |      12 |  35.3
     Lair:1 |    1442 |    1319 |  47.8 |       6 |       9 |  60.0
     Lair:2 |    2329 |       0 |   0.0 |      12 |       0 |   0.0
            +---------+---------+-------+---------+---------+-------
